 Dungeon Crawl Stone Soup version 0.26-a0-478-g6c97825307 (webtiles) character file.

Game seed: 2452527108035346203

1856 Ge0ff the Caller (level 8, 0/58 HPs)
             Began as a Demonspawn Summoner on Aug 1, 2020.
             Was an Initiate of Makhleb.
             Slain by an unseen horror (8 damage)
             ... on level 6 of the Dungeon.
             The game lasted 00:22:44 (9476 turns).

Ge0ff the Caller (Demonspawn Summoner)              Turns: 9476, Time: 00:22:44

Health: 0/58       AC:  7    Str:  8    XL:     8   Next: 89%
Magic:  10/14      EV: 12    Int: 18    God:    Makhleb [......]
Gold:   345        SH:  0    Dex: 21    Spells: 1/15 levels left

rFire    + . .     SeeInvis .   a - +2 spear (flame)
rCold    . . .     Faith    .   (no shield)
rNeg     . . .     Spirit   .   t - +0 leather armour
rPois    .         Reflect  .   k - +0 hat
rElec    .         Harm     .   Z - +0 cloak
rCorr    .                      W - +0 pair of gloves
MR       .....                  f - +1 pair of boots
Stlth    ++........             (no amulet)
HPRegen  0.19/turn              T - +6 ring of dexterity {=R}
MPRegen  0.14/turn              J - ring of protection from fire

@: no status effects
A: antennae 2, demonic guardian 1, powered by pain 2
a: Renounce Religion


You were on level 6 of the Dungeon.
You worshipped Makhleb.
Makhleb was noncommittal.
You visited 1 branch of the dungeon, and saw 6 of its levels.
You also visited: Sewer.

You collected 345 gold pieces.

Inventory:

Hand Weapons
 a - a +2 spear of flaming (weapon)
 b - a +1 dagger of electrocution
 V - a +3 quarterstaff of chaos
Missiles
 h - 212 stones (quivered)
 n - 5 boomerangs
 M - 4 poisoned darts
 U - 2 atropa-tipped darts
Armour
 c - a +0 chain mail
 f - a +1 pair of boots (worn)
 g - a +0 robe
 k - a +0 hat (worn)
 r - a +0 scale mail
 t - a +0 leather armour (worn)
 W - a +0 pair of gloves (worn)
 Y - a +0 robe of magic resistance
 Z - a +0 cloak (worn)
Jewellery
 J - a ring of protection from fire (right hand)
 T - a +6 ring of dexterity (left hand) {=R}
Wands
 j - a wand of acid (5)
 p - a wand of paralysis (7)
 s - a wand of disintegration (6)
 x - a wand of random effects (17)
 P - a wand of polymorph (3)
Scrolls
 e - 2 scrolls of enchant armour
 m - 3 scrolls of magic mapping
 o - a scroll of enchant weapon
 C - 3 scrolls of remove curse
 E - 3 scrolls of fear
 F - 3 scrolls of fog
 L - a scroll of noise
Potions
 q - 2 potions of curing
 z - 5 potions of brilliance
 K - a potion of might {unknown}
 N - a potion of cancellation {!q}
 O - a potion of berserk rage {unknown}
 Q - a potion of stabbing {unknown}
 R - 2 potions of haste {unknown}
 S - 3 potions of heal wounds {unknown}
 X - a potion of flight


   Skills:
 + Level 3.1 Fighting
 * Level 5.6 Polearms
 - Level 3.0 Armour
 - Level 2.0 Dodging
 - Level 2.0 Stealth
 + Level 4.2 Spellcasting
 + Level 6.2 Summonings
 * Level 4.0 Ice Magic
 * Level 0.2 Air Magic
 + Level 1.6 Invocations
 + Level 0.9 Evocations


You had one spell level left.
You knew the following spells:

 Your Spells              Type           Power        Failure   Level
a - Summon Small Mammal   Summ           ####         1%          1
b - Summon Ice Beast      Ice/Summ       ###.....     24%         4
d - Call Canine Familiar  Summ           ####....     4%          3
l - Summon Lightning Spi  Summ/Air       ###.....     47%         4
s - Call Imp              Summ           ####....     2%          2

Your spell library contained the following spells:

 Spells                   Type           Power        Failure   Level
 Beastly Appendage        Tmut           #.....       21%         1
 Summon Guardian Golem    Hex/Summ       ##......     17%         3
 Wereblood                Tmut           #.......     30%         2
 Spider Form              Tmut/Pois      #.........   52%         3
 Ice Form                 Ice/Tmut       ##......     65%         4
 Blade Hands              Tmut           #.........   99%         5


Dungeon Overview and Level Annotations

Branches:
Dungeon (6/15)              Sewer (visited)
 Temple: D:4-7

Altars:
Ashenzari
Dithmenos
Makhleb
Okawaru
Trog
Uskayaw
Xom
Yredelemnul
Zin
The Shining One

Shops:
D:4 :   D:6 =


Innate Abilities, Weirdness & Mutations

You have a pair of antennae on your head.
A weak demonic guardian rushes to your aid.
You sometimes gain power by taking damage.


Message History

Something hits your hound but does no damage.
Your hound barely misses something.
Something hits your hound!
Your hound dies!
Your hound's corpse disappears in a puff of smoke!
Casting: Call Canine Familiar (dangerous; 4% risk of failure)
Confirm with . or Enter, or press ? or * to list all spells.
Something hits you.
* * * LOW HITPOINT WARNING * * *
Something hits you but does no damage. Something hits you.
* * * LOW HITPOINT WARNING * * *
You feel better. Something hits you.
* * * LOW HITPOINT WARNING * * *
You feel better.
Your hound closely misses something.
Something hits you!
* * * LOW HITPOINT WARNING * * *
Your hound bites something but does no damage.
You miss something. Something hits you!
* * * LOW HITPOINT WARNING * * *
Something misses your hound.
Your hound bites something.
Something hits you!
You die...

###≈≈∩≈≈# ##..≈≈.≈≈# #........#
##....≈.≈.## #........#
...........####........#
.......................##
...<.......####.........
...........# #........# .. #
...........# #........#.... ..
.#........## #@..#.....###...
.#........## ##{###.####....##
...........####......<.........
...............h...).)###......
#..........####.####...))......
...........# #.#$...###.......
...........####.#.##.# .......
#....................# .......
##.................... .{.....


You could see a friendly hound (summoned).

Vanquished Creatures
  Pikel (D:4)
  Menkaure (D:6)
  A phantom (D:5)
  A bullfrog (Sewer)
  A scorpion (D:5)
  3 wights (D:6)
  A quasit (D:5)
  2 orc priests
  2 hounds
  Crazy Yiuf (D:4)
  An iguana (D:5)
  4 orc wizards
  Ijyb (D:4)
  2 worker ants
  12 adders
  A river rat (Sewer)
  A white imp (D:6)
  An ufetubus (D:5)
  2 oozes
  2 worms
  2 dart slugs
  3 leopard geckos
  10 orcs
  9 giant cockroaches
  4 hobgoblins
  2 quokkas
  6 ball pythons
  7 bats
  5 frilled lizards
  8 goblins
  6 kobolds
  A leopard gecko skeleton (D:5)
  A quokka skeleton (D:4)
  13 rats
118 creatures vanquished.

Vanquished Creatures (collateral kills)
  Grinder (D:3)
  Sigmund (D:3)
  An ice beast (D:6)
  A lemure (D:4)
  A bullfrog (Sewer)
  A wight (D:6)
  2 hounds (D:4)
  Jessica (D:3)
  Robin (D:3)
  4 gnolls (D:3)
  3 adders (D:3)
  2 river rats (Sewer)
  An ooze (Sewer)
  3 worms
  2 leopard geckos
  4 orcs
  A giant cockroach (D:1)
  10 goblins
  4 hobgoblins
  4 ball pythons (Sewer)
  4 frilled lizards
  6 kobolds
  18 rats
76 creatures vanquished.

Grand Total: 194 creatures vanquished

Notes
Turn   | Place    | Note
-------+----------+-------------------------------------------
     0 | D:1      | Ge0ff the Demonspawn Summoner began the quest for the Orb.
     0 | D:1      | Reached XP level 1. HP: 13/13 MP: 3/3
   219 | D:1      | Gained mutation: You have a pair of small antennae on your
                  | head. [demonic ancestry]
   219 | D:1      | Reached XP level 2. HP: 7/20 MP: 0/5
   729 | D:1      | Reached skill level 1 in Fighting
  1573 | D:2      | Gained mutation: A weak demonic guardian rushes to your
                  | aid. [demonic ancestry]
  1573 | D:2      | Reached XP level 3. HP: 26/26 MP: 6/6
  1577 | D:2      | Learned a level 2 spell: Call Imp
  1710 | D:2      | Reached skill level 1 in Polearms
  1855 | D:2      | Learned a level 3 spell: Call Canine Familiar
  2415 | D:3      | Noticed Grinder
  2592 | D:3      | Gained mutation: You have a pair of antennae on your head.
                  | [demonic ancestry]
  2592 | D:3      | Reached XP level 4. HP: 9/32 MP: 3/7
  2798 | D:3      | Found a glowing drain.
  2806 | Sewer    | Entered a sewer
  2871 | Sewer    | Reached skill level 1 in Armour
  3556 | Sewer    | Noticed a bullfrog
  3558 | Sewer    | Noticed a bullfrog
  3592 | Sewer    | Killed a bullfrog
  3592 | Sewer    | Gained mutation: You sometimes gain a little power by
                  | taking damage. [demonic ancestry]
  3592 | Sewer    | Reached XP level 5. HP: 35/37 MP: 1/9
  4140 | D:3      | Identified the +1 helmet "Anluinuh" {+Blink Str+2}
  4140 | D:3      | Noticed Robin
  4153 | D:3      | Killed Robin
  4246 | D:3      | Noticed Jessica
  4251 | D:3      | Killed Jessica
  4335 | D:3      | Reached XP level 6. HP: 39/43 MP: 10/10
  4406 | D:3      | Found an iron altar of Okawaru.
  4504 | D:3      | Noticed Sigmund
  4516 | D:3      | Killed Sigmund
  4516 | D:3      | Reached skill level 5 in Summonings
  4759 | D:3      | Found a glowing silver altar of Zin.
  5045 | D:3      | Learned a level 4 spell: Summon Ice Beast
  5287 | D:3      | Killed Grinder
  5287 | D:3      | Reached XP level 7. HP: 30/48 MP: 8/12
  5323 | D:3      | Reached skill level 1 in Ice Magic
  5744 | D:4      | Noticed Ijyb
  5762 | D:4      | Killed Ijyb
  5974 | D:4      | Found a runed translucent door.
  5975 | D:4      | Noticed Crazy Yiuf
  6011 | D:4      | Killed Crazy Yiuf
  6355 | D:4      | Found Keepakk's Book Shoppe.
  6440 | D:4      | Found a hide-covered altar of Uskayaw.
  6827 | D:4      | Found a basalt altar of Yredelemnul.
  6924 | D:4      | Noticed Pikel
  6971 | D:4      | Killed Pikel
  6971 | D:4      | Gained mutation: You sometimes gain power by taking damage.
                  | [demonic ancestry]
  6971 | D:4      | Reached XP level 8. HP: 27/57 MP: 9/14
  7314 | D:5      | Entered Level 5 of the Dungeon
  7542 | D:4      | Reached skill level 5 in Polearms
  7813 | D:5      | Found a burning altar of Makhleb.
  7976 | D:5      | Became a worshipper of Makhleb the Destroyer
  8034 | D:5      | Reached skill level 6 in Summonings
  8079 | D:5      | Found a shadowy altar of Dithmenos.
  8152 | D:5      | Found a bloodstained altar of Trog.
  8660 | D:6      | Found a shattered altar of Ashenzari.
  8702 | D:6      | Noticed Menkaure
  8711 | D:6      | Killed Menkaure
  8711 | D:6      | Reached skill level 1 in Invocations
  9144 | D:6      | Found Fefyj's Jewellery Boutique.
  9324 | D:5      | Found a glowing golden altar of the Shining One.
  9324 | D:5      | Found a shimmering altar of Xom.
  9428 | D:6      | Learned a level 4 spell: Summon Lightning Spire
  9476 | D:6      | Slain by an unseen horror

Illustrated notes

Levels and vault maps discovered:
D:1:      wander_arrival_abandoned_jail, layout_basic
D:2:      layout_loops_ring
D:3:      layout_loops_corners, lemuel_coloured_pillars_altar,
          gup_sewer_entry_spiral, okawaru_altar_gauntlet_db, uniq_sigmund,
          uniq_jessica, uniq_robin, uniq_grinder
D:4:      layout_basic, lemuel_crystal_altar, kennysheep_mini, serial_shops,
          nicolae_shop_temple_entry_statues_fountains,
          chequers_serial_rivers_micro_b, uniq_crazy_yiuf_cottage, uniq_pikel,
          uniq_ijyb
D:5:      layout_loops_ring, overflow_temple_1_default,
          nicolae_overflow_hidden_temple, kennysheep_little_box, basic_altar,
          minmay_crystal_water
D:6:      layout_rooms, evilmike_ruin_ashenzari, serial_shops,
          nicolae_shop_waterfront, minmay_misc_feat_square, uniq_menkaure

Skill      XL: |  1  2  3  4  5  6  7  8 |
---------------+-------------------------+-----
Stealth        | 2 |  2.0
Fighting       | 1 2 3 |  3.1
Polearms       | 1 2 3 4 5 |  5.6
Dodging        | 2 |  2.0
Armour         | 1 2 3 |  3.0
Spellcasting   | 3 4 |  4.2
Summonings     | 5 6 |  6.2
Ice Magic      | 2 4 |  4.0
Invocations    | 1 |  1.6
Air Magic      | |  0.2
Evocations     | |  0.9

Action                   |  1- 3 |  4- 6 |  7- 9 || total
-------------------------+-------+-------+-------++-------
Melee: Unarmed           |    10 |       |       ||    10
       Spear             |   132 |   219 |   310 ||   661
       Short sword       |     3 |       |       ||     3
Throw: Stone             |    12 |    21 |     6 ||    39
 Cast: Summon Small Mamm |    19 |       |       ||    19
       Call Imp          |    10 |    34 |    20 ||    64
       Call Canine Famil |       |       |     4 ||     4
       Summon Lightning  |       |       |     1 ||     1
Evoke: Wand              |       |       |     6 ||     6
  Use: Scroll            |     5 |     2 |     6 ||    13
       Potion            |       |     4 |     6 ||    10
 Stab: Sleeping          |     5 |     2 |     9 ||    16
       Distracted        |       |     2 |     4 ||     6
Armor: Robe              |    11 |       |       ||    11
       Leather armour    |    13 |    40 |    77 ||   130
       Skin              |       |    41 |     1 ||    42
Dodge: Dodged            |    79 |   115 |   127 ||   321

Table legend: (Time is in decaauts)
 A = Elapsed time spent in this place.
 B = Non-inter-level travel time spent in this place.
 C = Inter-level travel time spent in this place.
 D = Time resting spent in this place.
 E = Time spent auto-exploring this place.
 F = Levels seen in this place.
 G = Mean time per level.
                   A        B        C        D        E       F      G
               +--------+--------+--------+--------+--------+-----+--------+
         Total |   9534 |   9218 |    316 |    182 |   6828 |   7 | 1362.0 |
       Dungeon |   8411 |   8095 |    316 |    180 |   6046 |   6 | 1401.8 |
         Sewer |   1122 |   1122 |      0 |      2 |    781 |   1 | 1122.0 |
               +--------+--------+--------+--------+--------+-----+--------+

Top non-repeatable levels by time:
     D:3: 2257 daAuts
     D:4: 1821 daAuts
     D:1: 1572 daAuts
     D:5: 1289 daAuts
   Sewer: 1122 daAuts
     D:2: 834 daAuts
     D:6: 637 daAuts
